 Dungeon Crawl Stone Soup version 0.28.0-45-g0d030f2227 (webtiles) character file.

Game seed: 6758614521613414392

1067 Iusername the Covered (level 8, -1/68 HPs)
             Began as a Minotaur Fighter on Apr 6, 2022.
             Was an Initiate of Dithmenos.
             Slain by an orc
             ... wielding a +0 hand axe
              (4 damage)
             ... on level 5 of the Dungeon.
             The game lasted 00:14:47 (5965 turns).

Iusername the Covered (Minotaur Fighter)            Turns: 5965, Time: 00:14:51

Health: -1/68      AC:  0    Str: 22    XL:     8   Next: 7%
Magic:  7/7        EV: 10    Int:  5    God:    Dithmenos [......]
Gold:   201        SH:  5    Dex: 17    Spells: 7/7 levels left

rFire   + . .      SeeInvis .   v - +2 short sword (elec)
rCold   . . .      Faith    .   c - +0 buckler
rNeg    . . .      Spirit   .   b - +0 scale mail
rPois   .          Reflect  .   (helmet restricted)
rElec   .          Harm     .   (no cloak)
rCorr   .          Rampage  .   (no gloves)
Will    .....                   (no boots)
Stlth   ..........              (no amulet)
HPRegen 0.21/turn               k - ring of Rusouriu {rF+ Dex+6}
MPRegen 0.10/turn               (no ring)

@: mighty, corroded
A: horns 2, retaliatory headbutt
a: Renounce Religion


You were on level 5 of the Dungeon.
You worshipped Dithmenos.
Dithmenos was noncommittal.
You visited 2 branches of the dungeon, and saw 6 of its levels.

You collected 201 gold pieces.

Inventory:

Hand Weapons
 n - a +1 dagger of distortion
 v - a +2 short sword of electrocution (weapon)
Armour
 b - a +0 scale mail (worn)
 c - a +0 buckler (worn)
Jewellery
 k - the ring of Rusouriu (left hand) {rF+ Dex+6}
   (You found it on level 5 of the Dungeon)

   [ring of dexterity]

   Dex:       It affects your dexterity (+6).
   rF:        It protects you from fire.
 p - a ring of wizardry
Wands
 r - a wand of iceblast (13)
 u - a wand of flame (25)
Scrolls
 a - a scroll of immolation {unknown}
 e - a scroll of summoning {unknown}
 g - 2 scrolls of torment
 j - a scroll of silence {unknown}
 l - 2 scrolls of magic mapping
 q - 2 scrolls of fog
Potions
 d - 2 potions of might
 f - a potion of brilliance
 h - a potion of flight {unknown}
 i - a potion of mutation {unknown}
 m - a potion of curing
 o - a potion of resistance {unknown}
 s - a potion of haste {unknown}
 t - a potion of degeneration


   Skills:
 + Level 5.3 Fighting
 + Level 3.3 Short Blades
 + Level 4.8(5.6) Axes
 + Level 4.4(5.4) Polearms
 + Level 7.1 Armour
 + Level 2.2 Dodging
 + Level 1.0 Stealth
 + Level 4.4 Shields


You had 7 spell levels left.
You didn't know any spells.
Your spell library contained the following spells:

 Spells                   Type           Power      Damage    Failure   Level
 Shock                    Conj/Air       0%         1d3       86%         1
 Corpse Rot               Necr/Air       0%         N/A       94%         2
 Poisonous Vapours        Pois/Air       0%         N/A       94%         2
 Swiftness                Air            0%         N/A       99%         3
 Airstrike                Air            0%         N/A       100%        4


Dungeon Overview and Level Annotations

Branches:
Dungeon (5/15)             Temple (1/1) D:5

Altars:
Ashenzari
Cheibriados
Dithmenos
Elyvilon
Fedhas
Gozag
Hepliaklqana
Kikubaaqudgha
Nemelex Xobeh
Okawaru
Ru
Sif Muna
Trog
Uskayaw
Vehumet
Wu Jian
Xom
Yredelemnul
Zin
The Shining One

Shops:
D:2 (   D:5 :

Annotations:
D:5 3 runed translucent doors, Wentworth's ghost, amateur DrCj
Abyss:1 Ijyb


Innate Abilities, Weirdness & Mutations

You have a pair of horns on your head.
You reflexively headbutt those who attack you in melee.


Message History

The orc burns you. The ogre barely misses you. You furiously retaliate!
You headbutt the ogre! The orc warrior misses you.
You are too injured to fight recklessly!
You are too injured to fight recklessly!
You are too injured to fight recklessly!
You are too injured to fight recklessly!
You are too injured to fight recklessly!
You are too injured to fight recklessly!
You are too injured to fight recklessly!
You are too injured to fight recklessly!
You are too injured to fight recklessly!
You closely miss the orc warrior. You headbutt the orc warrior.
You kill the orc warrior!
Dithmenos accepts your kill. The jelly closely misses you. The orc misses you.
The ogre hits you with a +0 giant club!
Your Armour skill increases to level 7!
You have reached level 8!
You feel agile.
You puncture the orc!
You kill the orc!
Dithmenos accepts your kill. The jelly misses you. You furiously retaliate!
You headbutt the jelly! The orc hits you with a +0 hand axe.
* * * LOW HITPOINT WARNING * * *
You block the ogre's attack. The jelly hits you.
* * * LOW HITPOINT WARNING * * *
The acid corrodes you!
You are splashed with acid!
* * * LOW HITPOINT WARNING * * *
The orc hits you with a +0 hand axe!
* * * LOW HITPOINT WARNING * * *
Things that are here:
a +1 hand axe of flaming; a +0 leather armour; an orc corpse You feel better.
The ogre hits you with a +0 giant club!
* * * LOW HITPOINT WARNING * * *
The jelly barely misses you. You furiously retaliate!
You headbutt the jelly!
You kill the jelly!
Dithmenos accepts your kill. The orc hits you with a +0 hand axe.
You die...

.# #.# #...# . #.#
#...## # #....# #
##....## #
##>.....# #
###++####.......##
##
#......#...####..##
.## #.8..8.#..##
###.## ..##
+.....@'.## ##.####
#..## +.....oO.#
##.... ##..##
#.8..8.### #....
.##..## #......#
##... ......#
###++### ##..
#......# #..
..8..#...# ##.
#...###...... ##
....# #..... #


You could see an ogre and an orc.

Vanquished Creatures
  Grinder (D:3)
  Sigmund (D:3)
  An orc warrior (D:5)
  An ice beast (D:5)
  An ogre (D:5)
  A water moccasin skeleton (D:5)
  A howler monkey (D:5)
  A hound (D:3)
  2 orc priests
  2 jellies (D:5)
  2 orc wizards
  A hound skeleton (D:4)
  6 adders
  A white imp (D:5)
  An ufetubus (D:4)
  3 dart slugs
  11 orcs
  7 ball pythons
  7 bats
  9 endoplasms
  3 giant cockroaches
  3 goblins
  7 hobgoblins
  4 jackals (D:2)
  A kobold (D:3)
  3 quokkas
  6 frilled lizards
  A rat (D:2)
88 creatures vanquished.

Notes
Turn   | Place    | Note
-------+----------+-------------------------------------------
     0 | D:1      | Iusername the Minotaur Fighter began the quest for the Orb.
     0 | D:1      | Reached XP level 1. HP: 19/19 MP: 0/0
   370 | D:1      | Reached XP level 2. HP: 19/27 MP: 1/1
   814 | D:1      | Found a faded altar of an unknown god.
  1184 | D:2      | Reached XP level 3. HP: 34/34 MP: 2/2
  1413 | D:2      | Reached skill level 4 in Armour
  1752 | D:2      | Found Goextas's Weapon Emporium.
  1932 | D:3      | Noticed Grinder
  1940 | D:3      | Killed Grinder
  1941 | D:3      | Reached skill level 1 in Dodging
  1941 | D:3      | Reached XP level 4. HP: 15/41 MP: 3/3
  1941 | D:3      | Reached XP level 5. HP: 17/47 MP: 4/4
  2477 | D:3      | Noticed Sigmund
  2480 | D:3      | Killed Sigmund
  2481 | D:3      | Reached skill level 5 in Armour
  2481 | D:3      | Reached XP level 6. HP: 41/55 MP: 5/5
  3289 | D:3      | Reached skill level 5 in Fighting
  3410 | D:3      | Noticed Ijyb
  3416 | D:3      | Banished Ijyb
  3417 | D:3      | Reached XP level 7. HP: 44/61 MP: 6/6
  4133 | D:4      | Reached skill level 1 in Short Blades
  4140 | D:4      | Identified the +2 ring mail of Watchfulness {*Corrode rF+++
                  | Int-2 SInv}
  4579 | D:5      | Entered Level 5 of the Dungeon
  4606 | D:5      | Found a staircase to the Ecumenical Temple.
  4667 | Temple   | Entered the Ecumenical Temple
  5073 | Temple   | Became a worshipper of Dithmenos the Shadowed
  5110 | D:5      | Found a runed translucent gate.
  5111 | D:5      | Found a runed translucent gate.
  5114 | D:5      | Found a runed translucent gate.
  5139 | D:5      | Reached skill level 6 in Armour
  5287 | D:5      | Found Ezepett's Book Boutique.
  5295 | D:5      | Identified the ring of Rusouriu {rF+ Dex+6}
  5333 | D:5      | Noticed Wentworth's ghost (amateur DrCj)
  5885 | D:5      | Reached skill level 1 in Stealth
  5963 | D:5      | Reached skill level 7 in Armour
  5963 | D:5      | Reached XP level 8. HP: 21/68 MP: 7/7
  5964 | D:5      | HP: 2/68 [orc/+0 hand axe (8)]
  5965 | D:5      | Slain by an orc

Illustrated notes

Levels and vault maps discovered:
D:1:      lightli_molten_gateway, layout_loops_ring,
          dilly_ecumenical_altar_fadedgnrine, minmay_stone_trees_small
D:2:      layout_basic, serial_shops, nicolae_shop_advertising_works
          [nicolae_subvault_shop_adworks], minmay_parallelograms
D:3:      layout_basic, uniq_ijyb, uniq_grinder, uniq_sigmund
D:4:      layout_cave_pools, kennysheep_doodads, serial_bayou_lagoon_a,
          hangedman_abyss_or_decor_jellyfish_corner
D:5:      layout_layer_cave, minmay_temple_entry_waves, gammafunk_ghost_icy,
          serial_shops, nicolae_stop_n_shop_2, kennysheep_generic_room_15
Temple:   mainiacjoe_temple_big_plus

Skill      XL: |  1  2  3  4  5  6  7 |
---------------+----------------------+-----
Fighting       | 4 5 |  5.3
Polearms       | 4 |  4.4
Armour         | 4 5 7 |  7.1
Axes           | 2 3 4 |  4.8
Dodging        | 1 2 |  2.2
Shields        | 4 |  4.4
Short Blades   | 3 |  3.3
Stealth        | 1 |  1.0

Action                   |  1- 3 |  4- 6 |  7- 9 || total
-------------------------+-------+-------+-------++-------
Melee: Trident           |    36 |       |       ||    36
       Headbutt          |    15 |     6 |    18 ||    39
       Battleaxe         |    36 |    17 |       ||    53
       Dagger            |       |    21 |    41 ||    62
       Short sword       |       |       |    44 ||    44
  Use: Scroll            |       |       |     6 ||     6
       Potion            |       |       |     2 ||     2
Armor: Scale mail        |    64 |    12 |    31 ||   107
Dodge: Dodged            |    48 |    13 |    49 ||   110
Block: Buckler           |    11 |       |    12 ||    23
